 Dungeon Crawl Stone Soup version 0.32-a0-672-gff75c0d (webtiles) character file.

Game seed: 10948653056914038653

7162 PenguinKawaii the Mimic (level 11, -3/77 HPs)
             Began as an Octopode Shapeshifter on Mar 10, 2024.
             Was an Initiate of Gozag.
             Slain by an orc
             ... wielding a +0 whip
              (5 damage)
             ... on level 1 of the Orcish Mines.
             The game lasted 00:34:32 (10892 turns).

PenguinKawaii the Mimic (Octopode Shapeshifter)    Turns: 10892, Time: 00:34:33

Health: -3/77      AC:  1    Str: 13    XL:     11   Next: 10%
Magic:  11/11      EV: 13    Int: 14    God:    Gozag
Gold:   953        SH:  0    Dex: 15    Spells: 10/10 levels left

rFire   . .          .
                       - Unarmed
rCold   . . .        (shield currently unavailable)
rNeg    + . .        (helmet restricted)
rPois   .            p - amulet of regeneration
rElec   .            w - ring of see invisible
rCorr   .            r - ring of flight
SInv    +            g - ring "Buyst" {Fly Slay+3}
Will    .....        E - ring of positive energy
Stlth   ++++         (no ring)
HPRegen 1.12/turn    (no ring)
MPRegen 0.12/turn    (no ring)
                     (no ring)

%: no passive effects
@: blade tentacles, gold aura, flying
A: almost no armour, amphibious, 8 rings, camouflage 1, gelatinous body 1,
(nimble swimmer 1), tentacles
a: Begin Untransformation, Renounce Religion, Potion Petition, Call Merchant,
Bribe Branch


You were on level 1 of the Orcish Mines.
You worshipped Gozag.
Gozag was pleased with you.
You had blades for main tentacles.
You visited 3 branches of the dungeon, and saw 12 of its levels.

You collected 1085 gold pieces.
You paid 132 gold pieces to Gozag.

Inventory:

Hand Weapons
 a - a +3 rapier
 A - the +0 hammer "Ricaraaw" {pain, rC+ Dex+3}
   (You found it on level 2 of the Dungeon)

   Dex+3:     It affects your dexterity (+3).
   rC+:       It protects you from cold.
Missiles
 u - 3 throwing nets
Jewellery
 g - the ring "Buyst" (on tentacle) {Fly Slay+3}
   (You found it on level 8 of the Dungeon)

   [ring of flight]

   Slay+3:    It affects your accuracy & damage with ranged weapons and melee
   (+3).
   Fly:       It grants you flight.
 p - an amulet of regeneration (around mantle)
 r - a ring of flight (right blade tentacle)
 w - a ring of see invisible (left blade tentacle)
 E - a ring of positive energy (on tentacle)
Talismans
 b - a beast talisman
 c - a flux talisman
 o - a maw talisman
 C - a blade talisman (active)
Wands
 y - a wand of flame (12) (quivered)
 B - a wand of iceblast (2)
Scrolls
 h - 2 scrolls of fog {unknown}
 i - 3 scrolls of enchant armour {unknown}
 k - 2 scrolls of fear {unknown}
 m - a scroll of torment {unknown}
 q - 3 scrolls of teleportation
 t - a scroll of amnesia {unknown}
 x - 2 scrolls of poison {unknown}
Potions
 d - a potion of resistance
 f - 3 potions of enlightenment
 j - 4 potions of mutation
 l - 2 potions of lignification
 n - 2 potions of magic
 s - 2 potions of curing
 v - 3 potions of brilliance


   Skills:
 + Level 7.9 Fighting
 - Level 2.0 Dodging
 - Level 5.0 Stealth
 + Level 7.8 Unarmed Combat
 + Level 11.8 Shapeshifting


You had 10 spell levels left.
You didn't know any spells.
Your spell library contained the following spells:

 Spells                   Type           Power      Damage    Failure   Level
 Summon Small Mammal      Summ           0%         N/A       28%         1
 Ensorcelled Hibernation  Hex/Ice        0%         N/A       41%         2
 Call Canine Familiar     Summ           0%         N/A       65%         3
 Frozen Ramparts          Ice            0%         1d1       65%         3
 Fugue of the Fallen      Necr           0%         N/A       65%         3
 Hailstorm                Conj/Ice       0%         3d5       65%         3
 Passwall                 Erth           0%         N/A       65%         3
 Summon Ice Beast         Ice/Summ       0%         N/A       65%         3
 Swiftness                Air            0%         N/A       65%         3
 Anguish                  Hex/Necr       0%         N/A       96%         4
 Leda's Liquefaction      Alch/Erth      0%         N/A       96%         4
 Petrify                  Alch/Erth      0%         N/A       96%         4
 Summon Blazeheart Golem  Fire/Summ      0%         N/A       96%         4
 Metabolic Englaciation   Hex/Ice        0%         N/A       100%        5
 Sculpt Simulacrum        Ice/Alch       0%         N/A       100%        6
 Ozocubu's Refrigeration  Ice            0%         4d7       100%        7
 Polar Vortex             Ice            0%         N/A       100%        9


Dungeon Overview and Level Annotations

Branches:
Dungeon (10/15) Zot: 24872  Temple (1/1) D:7 Zot: 5998    Lair (0/5) D:10
    Orc (1/2) D:10 Zot: 5977

Altars:
Ashenzari
Cheibriados
Dithmenos
Elyvilon
Fedhas
Gozag
Hepliaklqana
Kikubaaqudgha
Makhleb
Nemelex Xobeh
Okawaru
Qazlal
Ru
Sif Muna
Trog
Uskayaw
Vehumet
Wu Jian
Xom
Yredelemnul
Zin
The Shining One
Beogh

Shops:
D:7 =

Annotations:
D:8 2 transporters


Innate Abilities, Weirdness & Mutations

You have blades for main tentacles.
You are incapable of wielding weapons or throwing items.
You cannot wear most types of armour.
You are amphibious.
You can wear up to eight rings at the same time.
Your skin changes colour to match your surroundings (Stealth+).
Your rubbery body absorbs attacks. (AC +1, EV +1)
((You are camouflaged when in or above water. (Stealth+)))
You have tentacles for arms and can constrict up to eight enemies at once.


Message History

Unknown command.
You now have 953 gold pieces (gained 7).
Things that are here:
a +0 battleaxe; a +0 plate armour
There is a staircase to the Orcish Mines here.
You fly downwards.
Welcome back to the Orcish Mines!
The orc shouts!
The warg bites you. The orc misses you.
The orc priest mumbles some strange prayers to Beogh against you.
Beogh smites you! The orc hits you with a +0 dagger. The warg bites you!!
An orc sorcerer comes into view.
It is wielding a +0 dagger and wearing a +2 robe of cold resistance.
The orc hits you with a +0 whip.
The orc priest calls down the wrath of Beogh upon you.
Beogh smites you!
* * * LOW HITPOINT WARNING * * *
The orc hits you with a +0 dagger.
* * * LOW HITPOINT WARNING * * *
The orc shouts!
There is a staircase back to the Dungeon, spattered with blood here.
You take 62 HP, and have [15/77] HP !!!!!
HP Warning !!!!!
Okay, then.
Okay, then.
Okay, then.
Okay, then.
Okay, then.
Okay, then.
Okay, then.
Okay, then.
The warg misses you. The orc hits you with a +0 dagger.
* * * LOW HITPOINT WARNING * * *
The orc priest invokes the aid of Beogh against you.
Beogh smites you!
* * * LOW HITPOINT WARNING * * *
The orc warrior jeers to no one in particular.
The orc closely misses you.
The orc sorcerer gestures wildly while chanting.
The orc hits you with a +0 whip.
You die...
Your body crumbles into a pile of gold.

.3o.... .. ....
....#...... ....
............#.#.
..o.ooo...#.....
.$..oo...o.$..
....o....$..#...
......$$#o......
....$$.o@#.....
.#....o.h......
................
........$.......
......$.........
....$..>........
#.#....$........
# #.............
.............


You could see a ynoxinul (summoned), a warg, an orc sorcerer, 2 orc warriors, an
orc priest, an orc wizard and 7 orcs.

Vanquished Creatures
  2 two-headed ogres
  Maggie (D:6)
  A rime drake (D:10)
  A polar bear (D:10)
  Prince Ribbit (D:5)
  Grinder (D:3)
  Sigmund (D:6)
  A shadow (D:9)
  A wyvern (D:8)
  A steam dragon (D:9)
  Menkaure (D:4)
  Duvessa (D:6)
  4 water moccasins
  7 orc warriors
  2 ice beasts
  A wolf (D:10)
  An ogre (D:5)
  A phantom (D:5)
  5 centaurs
  A kobold brigand (D:7)
  5 bullfrogs
  A gnoll sergeant (D:9)
  A scorpion (D:6)
  8 wights
  Dowan (D:6)
  An electric eel (D:9)
  3 howler monkeys
  Crazy Yiuf (D:2)
  A gnoll bouda (D:5)
  2 jellies
  6 orc priests
  2 hounds (D:4)
  2 iguanas (D:5)
  Natasha (thrice) (D:4)
  8 orc wizards
  Ijyb (D:2)
  11 gnolls
  3 adders
  A shadow imp (D:7)
  2 ribbon worms (D:2)
  A dart slug (D:5)
  43 orcs
  7 ball pythons
  4 bats
  4 endoplasms
  4 giant cockroaches
  6 hobgoblins
  2 quokkas (D:1)
  4 frilled lizards
  7 goblins
  10 kobolds
  A rat (D:2)
191 creatures vanquished.

Notes
Turn   | Place    | Note
-------+----------+-------------------------------------------
     0 | D:1      | PenguinKawaii the Octopode Shapeshifter began the quest for
                  | the Orb.
     0 | D:1      | Reached XP level 1. HP: 13/13 MP: 1/1
   122 | D:1      | Reached XP level 2. HP: 17/18 MP: 2/2
   630 | D:2      | Reached XP level 3. HP: 19/23 MP: 3/3
   674 | D:2      | Reached skill level 4 in Shapeshifting
   984 | D:2      | Found a runed translucent door.
   985 | D:2      | Noticed Crazy Yiuf
  1456 | D:3      | Noticed Ijyb
  1539 | D:2      | Killed Ijyb
  1540 | D:2      | Reached XP level 4. HP: 20/28 MP: 4/4
  1590 | D:3      | You fall into a shaft and drop 3 floors!
  1639 | D:6      | Found a hide-covered altar of Uskayaw.
  1715 | D:5      | Entered Level 5 of the Dungeon
  1927 | D:3      | Found a radiant altar of Vehumet.
  2089 | D:3      | Found a burning altar of Makhleb.
  2135 | D:3      | Identified the +2 ring mail of Philately {rElec rF+ rC-
                  | Regen+}
  2229 | D:3      | Noticed Grinder
  2291 | D:3      | Paralysed by Grinder for 2 turns
  2482 | D:3      | Paralysed by Grinder for 5 turns
  2518 | D:3      | Paralysed by Grinder for 3 turns
  2524 | D:3      | Killed Grinder
  2525 | D:3      | Reached skill level 6 in Shapeshifting
  2525 | D:3      | Reached XP level 5. HP: 34/34 MP: 5/5
  2525 | D:3      | Reached XP level 6. HP: 39/39 MP: 6/6
  2608 | D:3      | Found a bloodstained altar of Trog.
  2985 | D:4      | Noticed Menkaure
  2987 | D:4      | Killed Menkaure
  2988 | D:4      | Reached skill level 7 in Shapeshifting
  2988 | D:4      | Reached XP level 7. HP: 41/45 MP: 7/7
  3096 | D:4      | Noticed Natasha
  3104 | D:4      | Killed Natasha
  3463 | D:4      | Noticed Natasha
  3555 | D:4      | Killed Natasha
  3640 | D:4      | Noticed a steam dragon
  3981 | D:4      | Noticed Natasha
  3987 | D:4      | Killed Natasha
  4023 | D:5      | Noticed Prince Ribbit
  4300 | D:5      | Reached XP level 8. HP: 24/54 MP: 8/8
  4414 | D:5      | Found a white marble altar of Elyvilon.
  4429 | D:5      | Killed Prince Ribbit
  4430 | D:5      | Reached skill level 8 in Shapeshifting
  5124 | D:6      | Noticed Sigmund
  5129 | D:6      | Reached skill level 9 in Shapeshifting
  5157 | D:6      | Noticed Maggie
  5322 | D:6      | Noticed Dowan
  5346 | D:6      | Noticed Duvessa
  5362 | D:6      | Killed Duvessa
  5363 | D:6      | Reached XP level 9. HP: 31/58 MP: 9/9
  5365 | D:6      | Killed Dowan
  5540 | D:6      | Reached skill level 10 in Shapeshifting
  6101 | D:7      | Found a sacrificial altar of Ru.
  6357 | D:7      | Found Haceanaf's Jewellery Boutique.
  6385 | D:7      | Reached skill level 5 in Fighting
  6385 | D:7      | Reached skill level 5 in Unarmed Combat
  6513 | D:7      | Found an opulent altar of Gozag.
  6561 | D:7      | Became a worshipper of Gozag Ym Sagoz the Greedy
  6612 | D:7      | Found a broken altar of Ashenzari.
  6883 | D:7      | Found a staircase to the Ecumenical Temple.
  6910 | Temple   | Entered the Ecumenical Temple
  7092 | D:8      | Found a transporter.
  7093 | D:8      | Noticed a tengu conjurer
  7097 | D:8      | Noticed a cyclops
  7100 | D:8      | Noticed a five-headed hydra
  7101 | D:8      | Found a transporter.
  7137 | D:8      | Reached skill level 5 in Stealth
  7184 | D:8      | Noticed a two-headed ogre
  7287 | D:8      | Identified the ring "Buyst" {Fly Slay+3}
  7458 | D:8      | Killed a two-headed ogre
  7459 | D:8      | Reached XP level 10. HP: 44/68 MP: 10/10
  8092 | D:9      | Reached skill level 11 in Shapeshifting
  8468 | D:9      | Found an ancient bone altar of Kikubaaqudgha.
  8474 | D:9      | Found a stormy altar of Qazlal.
  8760 | D:10     | Entered Level 10 of the Dungeon
  8878 | D:10     | Noticed a two-headed ogre
  8970 | D:6      | Killed Maggie
  9043 | D:6      | Killed Sigmund
  9209 | D:2      | Killed Crazy Yiuf
  9213 | D:2      | Identified the +0 hammer "Ricaraaw" {pain, rC+ Dex+3}
  9452 | D:10     | Found a staircase to the Orcish Mines.
  9476 | D:10     | Found a roughly hewn altar of Beogh.
 10117 | D:10     | Noticed a two-headed ogre
 10445 | D:10     | HP: 2/64 [rime drake/icy flash freeze (31)]
 10573 | D:10     | Killed a two-headed ogre
 10629 | D:10     | Reached XP level 11. HP: 61/75 MP: 11/11
 10689 | D:10     | Found a staircase to the Lair.
 10863 | Orc:1    | Entered Level 1 of the Orcish Mines
 10891 | Orc:1    | Noticed an orc sorcerer
 10892 | Orc:1    | HP: 2/77 [orc priest/divine providence (12)]
 10892 | Orc:1    | Slain by an orc

Illustrated notes

Levels and vault maps discovered:
D:1:      eino_arrival_water_star, layout_basic, grunt_decor_mini_mirrors
D:2:      layout_basic, uniq_crazy_yiuf_cottage
D:3:      layout_loops_cross, general_overflow_altar, lemuel_doored_altar,
          trog_hazing_becter, uniq_grinder, uniq_ijyb
D:4:      layout_basic, minmay_tree_intersection,
          serial_library_hellmonk_filled_rooms, lightli_corner_chamber,
          uniq_natasha, uniq_menkaure
D:5:      layout_loops_ring, elyvilon_altar_1, uniq_prince_ribbit1
D:6:      layout_basic, nicolae_uskayaw_murder_on_the_dancefloor,
          minmay_misc_feat_more_columns, chequers_serial_rivers_micro_a,
          uniq_sigmund, uniq_maggie, uniq_duvessa
D:7:      layout_gridville, nicolae_ru_awakened_eye,
          mainiacjoe_overflow_brackets, grunt_gozag_breadcrumbs,
          minmay_temple_entry_drinking_statues, serial_shops,
          nicolae_shop_gaudy_bauble, hangedman_abyss_or_decor_passed
D:8:      gammafunk_sealed_arena, layout_rooms
D:9:      cheibrodos_helix_gallery, layout_loops_ring,
          chequers_temple_overflow_statue_of_worship, moated_statue
D:10:     layout_cross, hellmonk_lair_entry_icy, minmay_orc_entry_temple_small
Temple:   hellmonk_temple_two_chambers
Orc:1:    layout_caves

Skill      XL: |  1  2  3  4  5  6  7  8  9 10 |
---------------+-------------------------------+-----
Shapeshifting  | 4 6 7 9 10 11 | 11.8
Fighting       | 2 3 4 5 7 |  7.9
Unarmed Combat | 4 5 7 |  7.8
Stealth        | 5 |  5.0
Dodging        | |  2.0

Action                     |  1- 3 |  4- 6 |  7- 9 | 10-12 || total
---------------------------+-------+-------+-------+-------++-------
  Melee: Unarmed           |    62 |    41 |   187 |    98 ||   388
         Tentacles         |    17 |    10 |    44 |    28 ||    99
         Constrict         |    22 |    14 |    50 |    24 ||   110
         Punch             |     1 |     1 |     2 |    10 ||    14
         Hand axe          |     1 |       |       |       ||     1
         Maw               |       |       |    29 |    11 ||    40
  Throw: Throwing net      |       |       |     2 |     3 ||     5
         Dart              |       |       |     2 |     3 ||     5
  Evoke: Wand              |       |     7 |    14 |    21 ||    42
    Use: Scroll            |       |       |    11 |     3 ||    14
         Potion            |       |       |     2 |     5 ||     7
   Stab: Sleeping          |    10 |     3 |     9 |     1 ||    23
         Distracted        |       |     1 |     1 |       ||     2
         Held in net/web   |       |       |     1 |       ||     1
 Armour: Skin              |    14 |    29 |   107 |    90 ||   240
  Dodge: Dodged            |    31 |    27 |   106 |    69 ||   233
   Form: Maw               |       |       |     2 |     1 ||     3
         Flux              |       |       |     1 |     1 ||     2
         Blade             |       |       |     1 |     2 ||     3

Table legend: (Time is in decaauts)
 A = Elapsed time spent in this place.
 B = Non-inter-level travel time spent in this place.
 C = Inter-level travel time spent in this place.
 D = Time resting spent in this place.
 E = Time spent auto-exploring this place.
 F = Levels seen in this place.
 G = Mean time per level.
                   A        B        C        D        E       F      G
               +--------+--------+--------+--------+--------+-----+--------+
         Total |  10884 |   9444 |   1440 |   1167 |   5417 |  12 |  907.0 |
       Dungeon |  10861 |   9421 |   1440 |   1167 |   5417 |  10 | 1086.1 |
        Temple |      1 |      1 |      0 |      0 |      0 |   1 |    1.0 |
  Orcish Mines |     21 |     21 |      0 |      0 |      0 |   1 |   21.0 |
               +--------+--------+--------+--------+--------+-----+--------+

Top non-repeatable levels by time:
     D:9: 1328 daAuts
    D:10: 1309 daAuts
     D:5: 1284 daAuts
     D:4: 1166 daAuts
     D:3: 1165 daAuts
     D:7: 1136 daAuts
     D:6: 1105 daAuts
     D:2: 1031 daAuts
     D:8: 751 daAuts
     D:1: 583 daAuts
   Orc:1: 21 daAuts
  Temple: 1 daAuts
